 Dungeon Crawl Stone Soup version 0.30-a0-630-g881e3bac89 (webtiles) character file.

Game seed: 3926679283945108295

190509 Bnni the Unseen (level 18, -3/100 HPs)
             Began as a Vine Stalker Brigand on Jan 13, 2023.
             Was a Follower of Uskayaw.
             Killed by the raging water
             ... invoked by a water nymph
              (18 damage)
             ... on level 2 of the Shoals.
             The game lasted 01:13:46 (25081 turns).

Bnni the Unseen (Vine Stalker Brigand)             Turns: 25081, Time: 01:13:46

Health: -3/100     AC: 33    Str: 17    XL:     18   Next: 17%
Magic:  0/29       EV: 11    Int: 11    God:    Uskayaw [*.....]
Gold:   112        SH: 21    Dex: 27    Spells: 15/17 levels left

rFire   + . .      SeeInvis .    x - +9 quick blade (venom)
rCold   + . .      Faith    .    m - +0 kite shield {reflect}
rNeg    + . .      Spirit   +    b - +10 plate armour of the Barnacle {rF+}
rPois   .          Reflect  +    u - +2 helmet
rElec   +          Harm     .    J - +2 cloak {Will+}
rCorr   .          Rampage  +    d - +0 pair of gloves {infuse}
Will    ++...                    j - +2 pair of boots
Stlth   ++                       h - amulet "Fous" {Reflect Rampage +Blink rC+ SH+5}
HPRegen 1.16/turn                W - ring of Kuecuin {rElec rN+ Will- Dex+6 Stlth+}
MPRegen 0.21/turn                n - +5 ring of evasion

@: studying Translocations, very slow
A: fangs 3, regeneration 1, magic shield, antimagic bite, no potion heal 2
}: 1/15 runes: serpentine
a: Renounce Religion, Evoke Blink, Stomp


You were on level 2 of the Shoals.
You worshipped Uskayaw.
Uskayaw was pleased with you.
You visited 6 branches of the dungeon, and saw 29 of its levels.
You also visited: Sewer and Ice Cave.

You collected 2866 gold pieces.
You spent 2754 gold pieces at shops.

Inventory:

Hand Weapons
 x - a +9 quick blade of venom (weapon)
Missiles
 e - 16 curare-tipped darts (quivered)
 I - 2 throwing nets
 P - 11 boomerangs of dispersal
Armour
 b - the +10 plate armour of the Barnacle (worn) {rF+}
   (You bought it in a shop on level 2 of the Snake Pit)

   rF:        It protects you from fire.
 d - a +0 pair of gloves of infusion (worn)
 j - a +2 pair of boots (worn)
 m - a +0 kite shield of reflection (worn)
 u - a +2 helmet (worn)
 H - a +2 tower shield
 J - a +2 cloak of willpower (worn)
Jewellery
 f - a ring of fire
 h - the amulet "Fous" (around neck) {Reflect Rampage +Blink rC+ SH+5}
   (You acquired it on level 10 of the Dungeon)

   [amulet of reflection]

   It reflects blocked missile attacks.
   rC:        It protects you from cold.
   +Blink:    It lets you blink.
   SH:        It affects your SH (+5).
   Rampage:   It bestows one free step when moving towards enemies.
 n - a +5 ring of evasion (right hand)
 y - a ring of resist corrosion
 T - a ring of ice
 W - the ring of Kuecuin (left hand) {rElec rN+ Will- Dex+6 Stlth+}
   (You bought it in a shop on level 2 of the Snake Pit)

   [ring of dexterity]

   Dex:       It affects your dexterity (+6).
   rElec:     It insulates you from electricity.
   rN:        It protects you from negative energy.
   Will:      It decreases your willpower.
   Stlth:     It makes you more stealthy.
Wands
 t - a wand of roots (4)
 M - a wand of quicksilver (10)
 N - a wand of mindburst (34)
 V - a wand of polymorph (3)
Scrolls
 a - 4 scrolls of amnesia
 c - 3 scrolls of enchant armour
 g - 2 scrolls of butterflies
 i - 9 scrolls of teleportation
 l - 4 scrolls of blinking
 p - 6 scrolls of magic mapping
 s - 7 scrolls of poison
 v - 6 scrolls of fog
 w - 7 scrolls of vulnerability
 L - 2 scrolls of torment
 O - a scroll of enchant weapon
 Q - 4 scrolls of brand weapon
 R - 2 scrolls of fear
 Y - 2 scrolls of immolation
Potions
 k - 11 potions of curing
 o - 7 potions of mutation
 q - 6 potions of cancellation
 r - 4 potions of magic
 z - a potion of invisibility
 A - 7 potions of brilliance
 B - 4 potions of might
 C - 12 potions of heal wounds {unknown}
 D - 3 potions of ambrosia
 F - 5 potions of haste
 G - 6 potions of lignification
 K - 3 potions of flight
 S - 2 potions of attraction
Miscellaneous
 U - a phantom mirror
 X - a box of beasts
 Z - a phial of floods


   Skills:
 + Level 13.5 Fighting
 - Level 10.0 Short Blades
 - Level 1.7 Throwing
 + Level 5.7 Armour
 - Level 2.5 Dodging
 + Level 18.6 Stealth
 * Level 14.2 Shields
 + Level 14.3 Invocations
 - Level 8.0 Evocations


You had 15 spell levels left.
You knew the following spells:

 Your Spells              Type           Power      Damage    Failure   Level
a - Wereblood             Tmut           0%         N/A       100%        2

Your spell library contained the following spells:

 Spells                   Type           Power      Damage    Failure   Level
 Beastly Appendage        Tmut           0%         N/A       100%        1
 Freeze                   Ice            0%         1d3       100%        1
 Ensorcelled Hibernation  Hex/Ice        0%         N/A       100%        2
 Frozen Ramparts          Ice            0%         1d1       100%        3
 Gell's Gravitas          Tloc           0%         N/A       100%        3
 Hailstorm                Conj/Ice       0%         3d3       100%        3
 Kindle Blastsparks       Fire/Tloc/Air  0%         2d10      100%        3
 Portal Projectile        Hex/Tloc       0%         N/A       100%        3
 Spider Form              Tmut/Pois      0%         N/A       100%        3
 Summon Guardian Golem    Hex/Summ       0%         N/A       100%        3
 Teleport Other           Tloc           0%         N/A       100%        3
 Tukima's Dance           Hex            0%         N/A       100%        3
 Anguish                  Hex/Necr       0%         N/A       100%        4
 Animate Armour           Summ/Erth      0%         N/A       100%        4
 Fulminant Prism          Conj/Hex       0%         3d5       100%        4
 Iskenderun's Mystic Bla  Conj/Tloc      0%         2d3       100%        4
 Manifold Assault         Tloc           0%         N/A       100%        4
 Passage of Golubria      Tloc           0%         N/A       100%        4
 Blade Hands              Tmut           0%         N/A       100%        5
 Lee's Rapid Deconstruct  Erth           0%         3d4*      100%        5
 Silence                  Hex/Air        0%         N/A       100%        5
 Summon Forest            Summ/Tloc      0%         N/A       100%        5
 Conjure Ball Lightning   Conj/Air       0%         3x3d6     100%        6
 Dispersal                Tloc           0%         N/A       100%        6
 Eringya's Noxious Bog    Tmut/Pois      0%         N/A       100%        6
 Iron Shot                Conj/Erth      0%         9d1       100%        6
 Enfeeble                 Hex            0%         N/A       100%        7
 Orb of Destruction       Conj           0%         9d5       100%        7
 Spellforged Servitor     Conj/Summ      0%         N/A       100%        7
 Summon Hydra             Summ           0%         N/A       100%        7
 Discord                  Hex            0%         N/A       100%        8
 Disjunction              Tloc           0%         N/A       100%        8
 Lehudib's Crystal Spear  Conj/Erth      0%         10d2      100%        8


Dungeon Overview and Level Annotations

Branches:
Dungeon (15/15)            Temple (1/1) D:6            Lair (5/5) D:8
 Shoals (2/4) Lair:2        Snake (4/4) Lair:2        Slime (0/5) Lair:5
    Orc (2/2) D:9             Elf (0/3) Orc:2        Vaults (0/5) D:13
 Depths (0/4) D:15          Sewer (visited)           IceCv (visited)

Altars:
Ashenzari
Cheibriados
Dithmenos
Elyvilon
Fedhas
Gozag
Hepliaklqana
Kikubaaqudgha
Makhleb
Nemelex Xobeh
Okawaru
Qazlal
Ru
Sif Muna
Trog
Uskayaw
Vehumet
Wu Jian
Xom
Yredelemnul
Zin
The Shining One

Shops:
D:6 *   D:7 *   Orc:1 (:[*   Orc:2 *?(*   Snake:2 !*=[!?   Snake:3 =

Portals:
Trove: D:11 (give +4 ice dragon scales)


Innate Abilities, Weirdness & Mutations

You have razor-sharp teeth.
Your natural rate of healing is unusually fast.
When hurt, damage is shared between your health and your magic reserves.
Your bite disrupts and absorbs the magic of your enemies.
Potions cannot restore your health.


Message History

You feel very sick.
The merfolk impaler is no longer sharing its pain.
The water nymph flows with the water.
You feel stable enough to blink again.
You feel sick.
The merfolk is no longer sharing its pain.
Splash!
You fall into the shallow water.
Moving in this stuff is going to be slow.
Your unstable footing causes you to fumble your attack.
You feel sick.
You hit the water nymph but do no damage.
The water nymph is poisoned.
Your bite misses the water nymph. The water nymph casts a spell at you.
The water swirls and strikes you!
* * * LOW HITPOINT WARNING * * *
You block the merfolk impaler's attack.
Blink to where?
Press: ? - help, Dir - move target Splash!
As you read the scroll of blinking, it crumbles to dust.
You feel sick.
As you read the scroll of butterflies, it crumbles to dust.
You hear the tinkle of a tiny bell.
You feel sick.
You swap places.
You feel sick.
You kill the merfolk impaler!
The merfolk barely misses your butterfly.
You swap places.
You feel sick.
The merfolk aquamancer hits your butterfly with a +0 rapier of venom!
Your butterfly dies!
Your butterfly disappears in a burst of colours!
The merfolk impaler closely misses your butterfly.
The merfolk hits your butterfly with a +0 trident!
Your butterfly dies!
Your butterfly disappears in a burst of colours!
Your system rejects the healing.
You feel better.
The merfolk closely misses your butterfly.
The water nymph gestures at you while chanting.
The water swirls and strikes you!!
You die...

≈≈≈≈≈≈≈≈≈≈≈≈≈≈≈≈
≈≈≈≈≈≈≈≈≈≈≈≈≈≈≈≈≈≈≈≈≈≈≈≈≈≈
≈≈≈≈≈≈≈≈≈≈~~~≈≈≈≈b≈≈≈≈≈≈≈≈
≈≈≈~~~~~≈~~~~~≈b≈≈≈≈≈≈≈≈≈≈≈≈≈≈≈≈
≈≈~~~~~~~~~~b~~≈≈≈b≈≈≈≈≈≈≈≈≈≈≈≈≈≈
≈~~~~~~~~~~~~b~b~bbb≈≈≈≈≈≈≈≈≈≈≈≈≈
~~~~~~~~~~~b~~~b~bb≈b≈≈≈≈≈≈≈≈≈≈≈≈
~~~~...~~~))~bb~@b~~b~~~~≈≈≈≈≈≈≈≈
~~~.....)(~[b~~~~b~~~~~~~~~≈≈≈≈≈≈
~~.........[~~bbbbb~b~~~~~~≈≈≈≈≈≈
.........~~[~~~~~~bbbb~~~~~~≈≈≈≈≈
........~~~[.##.~~~bmm...~~~~≈≈≈≈
.......~~~..#[b#..~~mm~.~.~~~~≈≈≈
<.....~~~.#.#..#.#.bb~)~~~~~~~~≈≈
......~~~..........~~.~~~~.~~~~~≈
.....~~~.##..≈≈..##.~..~~~~~~~~~≈


You could see a merfolk impaler, a merfolk aquamancer (very poisoned, magic
disrupted), a merfolk (ally target) and a water nymph (poisoned).

Vanquished Creatures
  Vashnia (Snake:3)
  Donald (Shoals:2)
  Ilsuiw (Shoals:2)
  A tengu reaver (D:14)
  2 nagarajas
  Louise (Shoals:2)
  An orc warlord (Orc:2)
  A reaper (IceCv)
  A minotaur (D:12)
  A merfolk javelineer (Shoals:2)
  The ghost of Bnni the Skirmisher, a journeyman FoHs of Dithmenos (D:12)
  2 merfolk impalers (Shoals:2)
  2 fire dragons (D:15)
  A great orb of eyes (D:12)
  Fannar (D:11)
  3 vault guards (D:13)
  6 hydras
  3 salamander tyrants (Snake:4)
  10 anacondas
  6 catoblepae
  6 centaur warriors
  A merfolk aquamancer (Shoals:1)
  12 naga warriors
  4 boulder beetles
  3 tengu warriors
  5 two-headed ogres
  2 orc high priests
  9 death yaks
  8 naga sharpshooters
  7 shock serpents
  4 sun demons (Shoals:1)
  A fire crab (Shoals:2)
  The ghost of Odexios the Summoner, a novice OpSu (D:7)
  5 sea snakes
  4 salamander mystics (Snake:4)
  A flayed ghost (D:14)
  The ghost of Caratheodory the Insei, a novice OpCA of Ignis (D:7)
  A wizard (D:13)
  4 lindwurms (Snake:4)
  Pikel (D:4)
  5 naga ritualists
  2 deep elf pyromancers
  8 orc knights (Orc:2)
  4 harpies (Shoals:1)
  11 mana vipers
  A shining eye (shapeshifter) (D:15)
  2 orc sorcerers
  4 necromancers
  12 salamanders
  7 fauns
  3 ugly things
  5 cyclopes
  5 manticores
  29 black mambas
  9 guardian serpents
  12 naga magi
  2 ice statues (IceCv)
  2 guardian serpents (shapeshifter) (D:14)
  6 merfolk sirens
  13 elephants
  4 water nymphs
  11 cane toads
  2 gargoyles (D:12)
  An unseen horror (D:12)
  A kobold demonologist (D:10)
  7 komodo dragons
  An anaconda simulacrum (IceCv)
  A freezing wraith (D:14)
  2 tengu conjurers (D:13)
  15 merfolk
  4 ice devils (IceCv)
  7 trolls
  5 polar bears
  A hornet (D:11)
  A dream sheep (Lair:4)
  15 blink frogs
  Sigmund (D:2)
  4 snapping turtles
  18 slime creatures
  6 water elementals
  A vampire (D:10)
  5 wraiths
  38 yaks
  2 fire bats (Shoals:2)
  2 shadows
  3 wyverns
  A human (shapeshifter) (D:13)
  18 humans (D:13)
  A fire elemental (Lair:2)
  A basilisk (D:13)
  12 vampire mosquitoes
  Menkaure (D:6)
  5 steam dragons
  2 death yak simulacra
  Edmund (D:6)
  Duvessa (D:6)
  An acid dragon (D:12)
  12 wargs
  29 nagas
  A hydra simulacrum (IceCv)
  6 water moccasins
  36 orc warriors
  2 ice beasts
  A black bear (D:4)
  3 sky beasts
  5 ogres
  9 wolves
  A lemure (D:4)
  12 centaurs
  3 phantoms
  4 kobold brigands
  10 bullfrogs
  Blork the orc (D:4)
  A necrophage (D:4)
  5 gnoll sergeants
  2 two-headed ogre simulacra (IceCv)
  A scorpion (D:7)
  14 wights
  Dowan (D:6)
  A cane toad simulacrum (IceCv)
  12 killer bees
  3 elephant simulacra (IceCv)
  5 howler monkeys
  2 jellies
  4 hounds
  A gnoll bouda (Lair:4)
  10 orc priests
  Crazy Yiuf (D:5)
  6 hell rats (Lair:2)
  Terence (D:2)
  3 iguanas
  16 orc wizards
  2 yak simulacra (Lair:5)
  7 polar bear simulacra
  2 spriggan simulacra (IceCv)
  4 wolf simulacra
  6 ogre zombies (D:9)
  Robin (D:2)
  7 gnolls
  10 adders
  5 naga simulacra (IceCv)
  A shadow imp (D:7)
  5 white imps
  4 ufetubi (IceCv)
  3 worms
  6 dart slugs
  97 orcs
  7 ball pythons
  7 endoplasms
  2 giant cockroaches
  14 hobgoblins
  27 kobolds
  A quokka (D:3)
  10 bats
  2 frilled lizards
  12 goblins
  A goblin skeleton (D:9)
  A hobgoblin skeleton (D:9)
  3 orc skeletons (D:9)
  12 orc zombies (D:9)
  6 rats
  2 river rat simulacra (Lair:5)
961 creatures vanquished.

Vanquished Creatures (others)
  An orc (D:7)
  17 fungi
  38 plants
  A withered plant (D:7)
57 creatures vanquished.

Grand Total: 1018 creatures vanquished

Notes
Turn   | Place    | Note
-------+----------+-------------------------------------------
     0 | D:1      | Bnni the Vine Stalker Brigand began the quest for the Orb.
     0 | D:1      | Reached XP level 1. HP: 11/11 MP: 2/2
   242 | D:1      | Reached XP level 2. HP: 14/15 MP: 1/3
   937 | D:2      | Reached XP level 3. HP: 18/18 MP: 4/4
  1004 | D:2      | Noticed Sigmund
  1014 | D:2      | Killed Sigmund
  1015 | D:2      | Gained mutation: Your natural rate of healing is unusually
                  | fast. [Vine Stalker growth]
  1015 | D:2      | Reached XP level 4. HP: 19/24 MP: 3/5
  1015 | D:2      | Reached XP level 5. HP: 22/28 MP: 3/6
  1091 | D:2      | Identified the +4 short sword "Beenk" {heavy, rF+ Will+}
  1165 | D:2      | Found a faded altar of an unknown god.
  1282 | D:2      | Reached XP level 6. HP: 31/32 MP: 7/7
  1385 | D:2      | Found an ancient bone altar of Kikubaaqudgha.
  1424 | D:2      | Noticed Robin
  1425 | D:2      | Noticed Terence
  1436 | D:2      | Killed Terence
  1451 | D:2      | Killed Robin
  1833 | D:3      | Reached skill level 5 in Short Blades
  2569 | D:4      | Reached XP level 7. HP: 37/37 MP: 6/8
  2705 | D:4      | Noticed Blork the orc
  2712 | D:4      | Killed Blork the orc
  2869 | D:4      | Noticed Pikel
  2888 | D:4      | Killed Pikel
  2889 | D:4      | Reached skill level 5 in Fighting
  2889 | D:4      | Reached skill level 5 in Stealth
  2889 | D:4      | Gained mutation: You have razor-sharp teeth. [Vine Stalker
                  | growth]
  2889 | D:4      | Reached XP level 8. HP: 22/43 MP: 4/9
  2992 | D:4      | Reached skill level 6 in Stealth
  3422 | D:5      | Entered Level 5 of the Dungeon
  3430 | D:5      | Found a glowing drain.
  3441 | Sewer    | Entered a sewer
  4087 | D:5      | Found a runed translucent door.
  4088 | D:5      | Noticed Crazy Yiuf
  4095 | D:5      | Killed Crazy Yiuf
  4096 | D:5      | Reached XP level 9. HP: 48/48 MP: 10/10
  4309 | D:5      | Reached skill level 7 in Stealth
  4372 | D:6      | Noticed Edmund
  4384 | D:6      | Killed Edmund
  4416 | D:6      | Noticed Duvessa
  4416 | D:6      | Noticed Dowan
  4432 | D:6      | Killed Duvessa
  4433 | D:6      | Killed Dowan
  4465 | D:6      | Identified a scroll of acquirement
  4558 | D:6      | Found a staircase to the Ecumenical Temple.
  4565 | Temple   | Entered the Ecumenical Temple
  4654 | D:6      | Found an iron altar of Okawaru.
  4726 | D:6      | Noticed Menkaure
  4733 | D:6      | Killed Menkaure
  4734 | D:6      | Reached skill level 8 in Stealth
  4804 | D:6      | Found Qoduetupt's Assorted Antiques.
  4810 | D:6      | Bought a scroll labelled ILLIC KO MEDAO for 25 gold pieces
  5006 | D:6      | Found a sparkling altar of Nemelex Xobeh.
  5007 | D:6      | Found an opulent altar of Gozag.
  5008 | D:6      | Found a hide-covered altar of Uskayaw.
  5008 | D:6      | Found a white marble altar of Elyvilon.
  5015 | D:6      | Became a worshipper of Uskayaw the Reveller
  5048 | D:6      | Reached * piety under Uskayaw
  5052 | D:6      | Reached ** piety under Uskayaw
  5103 | D:6      | Found a glowing golden altar of the Shining One.
  5353 | D:7      | Reached *** piety under Uskayaw
  5355 | D:7      | Reached skill level 1 in Invocations
  5358 | D:7      | Reached **** piety under Uskayaw
  5365 | D:7      | Reached ***** piety under Uskayaw
  5367 | D:7      | Reached XP level 10. HP: 51/53 MP: 9/12
  5605 | D:7      | Found Saituont's Overcharged Wands.
  5661 | D:7      | Found a runed translucent gate.
  5661 | D:7      | Found a runed translucent gate.
  5661 | D:7      | Found a runed translucent gate.
  5665 | D:7      | Noticed Caratheodory's ghost (novice OpCA)
  5665 | D:7      | Noticed Odexios's ghost (novice OpSu)
  5720 | D:7      | Reached skill level 9 in Stealth
  5921 | D:7      | Killed Caratheodory's ghost
  5922 | D:7      | Reached skill level 10 in Short Blades
  5929 | D:7      | Killed Odexios's ghost
  6042 | D:7      | Acquired a +0 quick blade of venom
  6056 | D:8      | You fall into a shaft and drop 3 floors!
  6206 | D:10     | Entered Level 10 of the Dungeon
  6216 | D:10     | Noticed a kobold demonologist
  6257 | D:10     | Killed a kobold demonologist
  6258 | D:10     | Reached skill level 10 in Stealth
  6258 | D:10     | Reached skill level 5 in Invocations
  6347 | D:9      | Found a staircase to the Orcish Mines.
  6507 | D:9      | Reached XP level 11. HP: 60/60 MP: 16/16
  6778 | D:8      | Noticed a cyan ugly thing
  6778 | D:8      | Noticed a tengu warrior
  6809 | D:8      | Killed a tengu warrior
  6835 | D:8      | Killed a cyan ugly thing
  6836 | D:8      | Reached skill level 11 in Stealth
  6848 | D:8      | Reached ****** piety under Uskayaw
  6930 | D:8      | Noticed a two-headed ogre
  6967 | D:8      | Killed a two-headed ogre
  7030 | D:8      | Found a shadowy altar of Dithmenos.
  7194 | D:8      | Found an ancient bone altar of Kikubaaqudgha.
  7294 | D:8      | Found a basalt altar of Yredelemnul.
  7511 | D:8      | Found a staircase to the Lair.
  7669 | D:9      | Reached skill level 1 in Dodging
  8433 | D:10     | Noticed a two-headed ogre
  8451 | D:10     | Killed a two-headed ogre
  8452 | D:10     | Reached skill level 1 in Armour
  8452 | D:10     | Reached skill level 12 in Stealth
  8511 | D:10     | Acquired the amulet "Fous" {Reflect Rampage +Blink rC+
                  | SH+5}
  8520 | D:10     | Found an ornate altar of the Wu Jian Council.
  8740 | D:10     | Reached XP level 12. HP: 65/65 MP: 19/19
  9068 | D:11     | Reached skill level 1 in Evocations
  9158 | D:11     | Found an opulent altar of Gozag.
  9184 | D:11     | Identified the +1 robe "Diosieq" {rC+}
  9194 | D:11     | Noticed Fannar
  9214 | D:11     | Killed Fannar
  9254 | D:11     | Found a portal to a secret trove of treasure.
  9558 | D:12     | Noticed a two-headed ogre
  9572 | D:12     | Killed a two-headed ogre
 10045 | D:12     | Noticed a two-headed ogre
 10052 | D:12     | Killed a two-headed ogre
 10053 | D:12     | Reached skill level 1 in Shields
 10096 | D:12     | Reached skill level 13 in Stealth
 10137 | D:12     | Noticed a two-headed ogre
 10140 | D:12     | Killed a two-headed ogre
 10396 | D:12     | Noticed Bnni's ghost (journeyman FoHs)
 10398 | D:12     | Noticed a great orb of eyes
 10402 | D:12     | Noticed a minotaur
 10414 | D:12     | Found a runed translucent gate.
 10414 | D:12     | Found a runed translucent gate.
 10414 | D:12     | Found a runed translucent gate.
 10450 | D:12     | Noticed a boulder beetle
 10493 | D:12     | Killed a boulder beetle
 10715 | D:12     | Killed a great orb of eyes
 10725 | D:12     | Killed Bnni's ghost
 10726 | D:12     | Reached skill level 10 in Invocations
 10734 | D:12     | Killed a minotaur
 10735 | D:12     | Reached XP level 13. HP: 54/70 MP: 12/21
 10852 | D:13     | Found an iron altar of Okawaru.
 10996 | D:13     | Reached skill level 5 in Shields
 11036 | D:13     | Reached skill level 10 in Fighting
 11065 | D:13     | Found a gate to the Vaults.
 11065 | D:13     | Noticed a vault guard
 11065 | D:13     | Noticed a vault guard
 11065 | D:13     | Noticed a vault guard
 11075 | D:13     | Killed a vault guard
 11076 | D:13     | Killed a vault guard
 11077 | D:13     | Killed a vault guard
 11078 | D:13     | Reached skill level 14 in Stealth
 11743 | D:14     | Reached skill level 5 in Evocations
 11928 | D:14     | Reached XP level 14. HP: 77/77 MP: 23/23
 12125 | D:14     | Found a sacrificial altar of Ru.
 12223 | D:14     | Noticed a tengu reaver
 12228 | D:14     | Killed a tengu reaver
 12376 | D:15     | Entered Level 15 of the Dungeon
 12688 | D:15     | Found a staircase to the Depths.
 13063 | Lair:1   | Entered Level 1 of the Lair of Beasts
 13091 | Lair:1   | Reached skill level 15 in Stealth
 13742 | Lair:2   | Found a radiant altar of Vehumet.
 13805 | Lair:2   | Acquired a manual of Translocations
 13809 | Lair:2   | Found a staircase to the Snake Pit.
 14184 | Lair:2   | Found a staircase to the Shoals.
 15205 | Lair:4   | Reached XP level 15. HP: 83/83 MP: 24/24
 16004 | Lair:5   | Entered Level 5 of the Lair of Beasts
 16164 | Lair:5   | Found a frozen archway.
 16192 | IceCv    | Entered an ice cave
 16387 | IceCv    | Reached skill level 10 in Shields
 16524 | Lair:5   | Found a staircase to the Slime Pits.
 16553 | Lair:5   | Reached skill level 16 in Stealth
 17455 | Lair:5   | Acquired the +7 plate armour of Hide-and-Seek {Dex+4}
 17620 | Orc:1    | Entered Level 1 of the Orcish Mines
 17620 | Orc:1    | Found Naros's Antique Weapon Shop.
 17651 | Orc:1    | Found Hytox's General Store.
 17668 | Orc:1    | Found Zashaczonut's Book Shoppe.
 17747 | Orc:1    | Found Vaidolie's Antique Armour Emporium.
 17750 | Orc:1    | Bought a book of Changes for 216 gold pieces
 17753 | Orc:1    | Learned a level 2 spell: Wereblood
 17882 | Orc:2    | Entered Level 2 of the Orcish Mines
 18292 | Orc:2    | Found a staircase to the Elven Halls.
 18365 | Orc:2    | Noticed an orc warlord
 18379 | Orc:2    | Killed an orc warlord
 18380 | Orc:2    | Reached XP level 16. HP: 88/88 MP: 26/26
 18398 | Orc:2    | Found Emmuu's General Store.
 18420 | Orc:2    | Found Estrax's Magic Scroll Emporium.
 18450 | Orc:2    | Bought a +0 pair of gloves of infusion for 138 gold pieces
 18561 | Orc:2    | Found Sounleuc's Antique Weapon Boutique.
 18626 | Orc:2    | Found Faisug's Assorted Antiques.
 19050 | Snake:1  | Entered Level 1 of the Snake Pit
 19860 | Snake:2  | Found Doxits's General Store.
 19862 | Snake:2  | Found Emow's Magic Scroll Emporium.
 19862 | Snake:2  | Found Ydyk's Distillery.
 19876 | Snake:2  | Found Xuplipn's Jewellery Shoppe.
 19878 | Snake:2  | Bought a scroll of enchant weapon for 120 gold pieces
 19880 | Snake:2  | Found Biat Les's Armour Boutique.
 19918 | Snake:2  | Reached skill level 17 in Stealth
 19946 | Snake:2  | Bought the +10 plate armour of the Barnacle {rF+} for 1305
                  | gold pieces
 20259 | Snake:2  | Found Heagg's Distillery.
 20706 | Snake:2  | You fall into a shaft and drop 1 floor!
 20706 | Snake:3  | Noticed Vashnia
 20739 | Snake:3  | Killed Vashnia
 21299 | Snake:3  | Noticed a nagaraja
 21316 | Snake:3  | Killed a nagaraja
 21622 | Snake:3  | Found Yhonyll's Jewellery Boutique.
 21932 | Snake:4  | Entered Level 4 of the Snake Pit
 22083 | Snake:4  | Reached XP level 17. HP: 86/94 MP: 25/28
 23015 | Snake:4  | Reached skill level 18 in Stealth
 23167 | Snake:4  | Got a serpentine rune of Zot
 23491 | Shoals:1 | Entered Level 1 of the Shoals
 23636 | Shoals:1 | Reached skill level 5 in Armour
 24566 | Shoals:2 | Reached XP level 18. HP: 64/100 MP: 19/29
 24721 | Snake:2  | Bought the ring of Kuecuin {rElec rN+ Will- Dex+6 Stlth+}
                  | for 950 gold pieces
 24900 | Shoals:2 | Noticed Donald
 24906 | Shoals:2 | Killed Donald
 24935 | Shoals:2 | Noticed Louise
 24959 | Shoals:2 | Killed Louise
 25055 | Shoals:2 | Noticed Ilsuiw
 25070 | Shoals:2 | Killed Ilsuiw
 25081 | Shoals:2 | Killed from afar by a water nymph

Illustrated notes

Levels and vault maps discovered:
D:1:      erik_arrival_cave_to_civilisation [erik_arrival_cave_to_hall],
          layout_loops_ring, hangedman_decor_points
D:2:      layout_loops_ring, basic_ecumenical_altar, basic_altar, uniq_robin,
          uniq_sigmund, uniq_terence
D:3:      layout_basic, kennysheep_generic_room_8
D:4:      layout_basic, lightli_minifort, uniq_blork_the_orc, uniq_pikel
D:5:      layout_gridville, cheibrodos_sewer_entry_sluice,
          uniq_crazy_yiuf_cottage
D:6:      layout_cave_pods, marbit_many_paths, mainiacjoe_overflow_tiny_flanked,
          mainiacjoe_overflow_alcove_3, minmay_temple_entry_gardened_gates,
          serial_shops, shop, uniq_menkaure, uniq_duvessa, uniq_edmund
D:7:      layout_basic, gammafunk_ghost_cemetery, nicolae_shop_overcharged_wands
D:8:      nzn_winding_woodlands_cross [nzn_winding_woodlands_5x15_longhouse,
          nzn_winding_woodlands_5x15_zeroes,
          nzn_winding_woodlands_5x15_sidewinder,
          nzn_winding_woodlands_5x15_sawtooth,
          nzn_winding_woodlands_15x15_killbox], layout_rooms,
          mainiacjoe_overflow_divided_tiny, lemuel_doored_altar,
          lair_entry_dummy, special_room [special_room_orc], enter_bailey_2
D:9:      layout_long_grid, zombieorc1_lemuel
D:10:     layout_roguey, nzn_wu_jian_contemplation, lightli_orcish_oven
D:11:     layout_basic, enter_trove_1, grunt_gozag_breadcrumbs, uniq_fannar
D:12:     layout_basic, maelrawn_ghost_gauntlet_escape
D:13:     layout_roguey, grunt_vaults_entry_tiered, okawaru_altar_gauntlet_db
D:14:     layout_roguey, nicolae_ru_awakened_eye, hangedman_corner_corridor
D:15:     grunt_enter_depths_hoard, layout_cave_pools, minmay_misc_feat_hallway
Temple:   nicolae_temple_x_marks_the_god
Lair:1:   layout_regular_city
Lair:2:   layout_roguey, shoals_dummy_entry, minmay_snake_entry_guardpost_small,
          basic_altar, amcnicky_mini_pool_medium
Lair:3:   layout_loops_ring
Lair:4:   layout_small_grid, dreamdust_gnoll_shepherd, grunt_megastairs_5
Lair:5:   evilmike_catoblepas_cave, layout_long_grid, slime_entry_1,
          portal_ice_cave_entry_ice_simulacra, eino_house_with_fridge,
          serial_bayou_shore_a
Shoals:1: layout_shoals, nicolae_shoals_sun_and_surf
Shoals:2: layout_shoals, hangedman_shoal_volcano, uniq_donald, uniq_ilsuiw,
          uniq_louise
Snake:1:  layout_rooms
Snake:2:  layout_chambers, drop_trap, nicolae_snake_serpentine_bazaar,
          minmay_shop_star
Snake:3:  layout_rooms, serial_shops, nicolae_take_the_stairs, uniq_vashnia
Snake:4:  snake_pit_salamanders_mu, layout_onion_interference
Orc:1:    layout_caves, serial_shops, shop, nicolae_shop_trees, shop, shop
Orc:2:    st_orc_town, layout_caves

Skill      XL: |  1  2  3  4  5  6  7  8  9 10 11 12 13 14 15 16 17 18 |
---------------+-------------------------------------------------------+-----
Short Blades   | 2 4 5 7 8 9 10 | 10.0
Fighting       | 2 3 4 5 6 7 8 9 10 11 12 13 | 13.5
Stealth        | 5 6 8 10 12 13 14 15 16 17 18 | 18.6
Invocations    | 1 5 8 10 11 12 13 14 | 14.3
Dodging        | 1 2 |  2.5
Armour         | 1 2 3 5 |  5.7
Evocations     | 3 5 6 7 8 |  8.0
Shields        | 4 6 9 11 12 13 14 | 14.2
Throwing       | |  1.7

Action                   |  1- 3 |  4- 6 |  7- 9 | 10-12 | 13-15 | 16-18 || total
-------------------------+-------+-------+-------+-------+-------+-------++-------
Melee: Dagger            |    67 |    62 |   261 |    66 |       |       ||   456
       Bite              |    10 |    28 |    75 |   312 |   594 |   455 ||  1474
       Punch             |     2 |     2 |     3 |    12 |       |       ||    19
       Short sword       |       |    51 |       |       |       |       ||    51
       Quick blade       |       |       |       |   729 |  1320 |  1086 ||  3135
Throw: Dart              |       |       |       |     2 |     1 |     1 ||     4
       Throwing net      |       |       |       |     1 |     1 |       ||     2
Invok: Grand Finale      |       |       |       |     2 |     2 |     4 ||     8
       Line Pass         |       |       |       |       |     6 |     7 ||    13
       Stomp             |       |       |       |       |       |     2 ||     2
 Abil: Evoke Blink       |       |       |       |       |     2 |     1 ||     3
Evoke: Phial of floods   |       |       |       |       |       |     1 ||     1
  Use: Scroll            |       |     8 |     6 |     8 |    17 |     8 ||    47
       Potion            |       |       |       |     1 |     1 |     2 ||     4
 Stab: Sleeping          |     6 |     8 |    12 |    25 |    59 |    12 ||   122
       Paralysed         |       |       |     2 |    37 |    91 |    78 ||   208
       Distracted        |       |       |       |     2 |     6 |     2 ||    10
       Held in net/web   |       |       |       |     1 |     2 |       ||     3
       Confused          |       |       |       |       |     6 |     6 ||    12
Armor: Robe              |    33 |    29 |       |       |       |       ||    62
       Leather armour    |       |    12 |    60 |    12 |       |       ||    84
       Ring mail         |       |     9 |       |       |       |       ||     9
       Scale mail        |       |       |       |   137 |   179 |       ||   316
       Plate armour      |       |       |       |       |    42 |   224 ||   266
Dodge: Dodged            |    35 |   114 |   130 |   195 |   248 |   124 ||   846
Block: Other             |       |       |       |    13 |       |       ||    13
       Kite shield       |       |       |       |    42 |   540 |   591 ||  1173
       Reflection        |       |       |       |       |     8 |    67 ||    75

Table legend: (Time is in decaauts)
 A = Elapsed time spent in this place.
 B = Non-inter-level travel time spent in this place.
 C = Inter-level travel time spent in this place.
 D = Time resting spent in this place.
 E = Time spent auto-exploring this place.
 F = Levels seen in this place.
 G = Mean time per level.
                   A        B        C        D        E       F      G
               +--------+--------+--------+--------+--------+-----+--------+
         Total |  23205 |  21178 |   2027 |    522 |  15699 |  31 |  748.5 |
       Dungeon |  12103 |  10969 |   1134 |      0 |   8501 |  15 |  806.9 |
        Temple |     55 |     49 |      6 |      0 |     44 |   1 |   55.0 |
          Lair |   4111 |   3779 |    332 |    115 |   2921 |   5 |  822.2 |
        Shoals |   1337 |   1208 |    129 |     56 |    729 |   2 |  668.5 |
     Snake Pit |   3946 |   3571 |    375 |    349 |   2400 |   4 |  986.5 |
  Orcish Mines |   1153 |   1104 |     49 |      2 |    823 |   2 |  576.5 |
         Sewer |    232 |    232 |      0 |      0 |    148 |   1 |  232.0 |
      Ice Cave |    265 |    265 |      0 |      0 |    132 |   1 |  265.0 |
               +--------+--------+--------+--------+--------+-----+--------+

Top non-repeatable levels by time:
 Snake:2: 1294 daAuts
 Snake:4: 1250 daAuts
     D:9: 1190 daAuts
Shoals:1: 1031 daAuts
  Lair:5: 1008 daAuts
    D:12: 995 daAuts
     D:4: 922 daAuts
  Lair:2: 922 daAuts
     D:1: 913 daAuts
   Orc:2: 905 daAuts
     D:8: 904 daAuts
  Lair:4: 893 daAuts
     D:6: 858 daAuts
     D:2: 788 daAuts
    D:10: 767 daAuts
